 Dungeon Crawl Stone Soup version 0.24-a0-189-g5d897e9 (webtiles) character file.

Game seed: 9426401123419945144

113 Lanoc the Chiller (level 4, -1/30 HPs)
             Began as a Demonspawn Ice Elementalist on Mar 17, 2019.
             Slain by a scorpion (9 damage)
             ... on level 3 of the Dungeon.
             The game lasted 00:06:03 (2073 turns).

Lanoc the Chiller (Demonspawn Ice Elementalist)     Turns: 2073, Time: 00:06:03

Health: -1/30      AC:  2    Str:  8    XL:     4   Next: 65%
Magic:  2/8        EV: 13    Int: 20    God:
Gold:   74         SH:  0    Dex: 14    Spells: 2/8 levels left

rFire    + . .     SeeInvis .   (no weapon)
rCold    . . .     Gourm    .   (no shield)
rNeg     . . .     Faith    .   a - +0 robe
rPois    .         Spirit   .   (helmet restricted)
rElec    .         Reflect  .   (no cloak)
rCorr    .         Harm     .   (no gloves)
MR       .....                  (no boots)
Stlth    ++........             (no amulet)
HPRegen  0.10/turn              d - +3 ring of intelligence
MPRegen  0.11/turn              (no ring)

@: no status effects
A: antennae 1, fire resistance 1
a: no special abilities


You were on level 3 of the Dungeon.
You were not hungry.

You visited 1 branch of the dungeon, and saw 3 of its levels.

You collected 74 gold pieces.

Inventory:

Armour
 a - a +0 robe (worn)
Jewellery
 d - a +3 ring of intelligence (left hand)
Scrolls
 f - a scroll of random uselessness {unknown}
 h - a scroll of fog {unknown}
 j - a scroll of remove curse {unknown}
Potions
 b - 2 potions of haste {unknown}
 e - 2 potions of heal wounds
 g - 2 potions of curing {unknown}
Comestibles
 c - 4 rations
 i - 7 chunks of flesh


   Skills:
 + Level 2.6 Dodging
 - Level 1.7 Stealth
 + Level 2.8 Spellcasting
 - Level 1.0 Conjurations
 * Level 4.0 Ice Magic


You had 2 spell levels left.
You knew the following spells:

 Your Spells              Type           Power        Failure   Level  Hunger
a - Freeze                Ice            ###.         2%          1    None
b - Throw Frost           Conj/Ice       ##....       8%          2    ##.....
c - Ozocubu's Armour      Chrm/Ice       ##......     19%         3    ###....

Your spell library contained the following spells:

 Spells                   Type           Power        Failure   Level  Hunger
 Beastly Appendage        Tmut           #.....       14%         1    None
 Sticks to Snakes         Tmut           #.......     22%         2    ##.....
 Spider Form              Tmut/Pois      #.........   41%         3    ###....
 Throw Icicle             Conj/Ice       ##......     45%         4    ####...
 Ice Form                 Ice/Tmut       ##......     54%         4    ####...
 Summon Ice Beast         Ice/Summ       ##......     54%         4    ####...
 Blade Hands              Tmut           #.........   99%         5    ######.


Dungeon Overview and Level Annotations

Branches:
Dungeon (3/15)

Altars:


Innate Abilities, Weirdness & Mutations

You have a pair of small antennae on your head.
Your flesh is heat resistant. (rF+)


Message History

The scorpion is severely wounded.
The rat bites you but does no damage. The scorpion stings you.
Casting: Freeze (safe; 2% risk of failure)
Confirm with . or Enter, or press ? or * to list all spells.
Aiming: Freeze (safe; 2% risk of failure)
Press: ? - help, Shift-Dir - straight line, f/p - scorpion
Aim: a scorpion (severely wounded)
You freeze the scorpion.
The scorpion is severely wounded.
The rat completely misses you. The scorpion stings you!
* * * LOW HITPOINT WARNING * * *
Casting: Freeze (safe; 2% risk of failure)
Confirm with . or Enter, or press ? or * to list all spells.
Aiming: Freeze (safe; 2% risk of failure)
Press: ? - help, Shift-Dir - straight line, f/p - scorpion
Aim: a scorpion (severely wounded)
You freeze the scorpion.
The scorpion is almost dead.
The rat barely misses you. The scorpion stings you!
You die...

## #.# ..##.#
##.##.#####........
#........ .........
#<.##..# #........
#..$..### #........
#...)...# #........
########s.....###........
.......r@........#...)...
......†........#.>...(...
........#....#.###.......
........####.#.###..###.#
###..#### #.#......###.#
...# #.......##......
#### #.##.....#......
####......... ###.......


You could see a scorpion and a rat.

Vanquished Creatures
  5 adders
  4 worms
  A dart slug (D:3)
  A leopard gecko (D:2)
  An orc (D:2)
  6 bats
  2 giant cockroaches
  A goblin (D:3)
  8 hobgoblins
  4 jackals (D:2)
  12 kobolds
  6 frilled lizards
  3 rats (D:2)
54 creatures vanquished.

Notes
Turn   | Place    | Note
-------+----------+-------------------------------------------
     0 | D:1      | Lanoc the Demonspawn Ice Elementalist began the quest for
                  | the Orb.
     0 | D:1      | Reached XP level 1. HP: 13/13 MP: 3/3
   211 | D:1      | Reached skill level 3 in Ice Magic
   211 | D:1      | Gained mutation: You have a pair of small antennae on your
                  | head. [demonic ancestry]
   211 | D:1      | Reached XP level 2. HP: 10/19 MP: 0/5
   462 | D:2      | Learned a level 2 spell: Throw Frost
   894 | D:2      | Gained mutation: Your flesh is heat resistant. (rF+)
                  | [demonic ancestry]
   894 | D:2      | Reached XP level 3. HP: 24/24 MP: 4/6
  1258 | D:2      | Learned a level 3 spell: Ozocubu's Armour
  1317 | D:2      | Reached XP level 4. HP: 23/30 MP: 1/7
  1911 | D:3      | Reached skill level 4 in Ice Magic
  2073 | D:3      | Slain by a scorpion

Levels and vault maps discovered:
D:1:      elethiomel_arrival_maze, layout_basic, minmay_misc_feat_chi
D:2:      minmay_kobold_bridge, layout_loops_cross
D:3:      layout_rooms

Skill      XL: |  1  2  3  4 |
---------------+-------------+-----
Dodging        | 2 |  2.6
Ice Magic      | 3 4 |  4.0
Stealth        | |  1.7
Spellcasting   | |  2.8
Conjurations   | |  1.0

Action                   |  1- 3 |  4- 6 || total
-------------------------+-------+-------++-------
Melee: Unarmed           |    44 |    30 ||    74
 Cast: Freeze            |    64 |    34 ||    98
       Throw Frost       |     2 |       ||     2
  Use: Potion            |     2 |       ||     2
 Stab: Sleeping          |       |     1 ||     1
  Eat: Chunk             |     2 |     2 ||     4
Armor: Robe              |    16 |    16 ||    32
       Skin              |    36 |       ||    36
Dodge: Dodged            |    70 |    46 ||   116

Table legend:
 A = Non-vault XP
 B = Vault XP
 C = Vault XP percentage of total XP
 D = Non-vault monster count
 E = Vault monster count
 F = Vault count percentage of total count
                 A         B        C        D         E       F
            +---------+---------+-------+---------+---------+-------
      Total |     156 |       6 |   3.7 |      50 |       4 |   7.4
            +---------+---------+-------+---------+---------+-------
        D:1 |      18 |       0 |   0.0 |      10 |       0 |   0.0
        D:2 |     108 |       6 |   5.3 |      33 |       4 |  10.8
        D:3 |      30 |       0 |   0.0 |       7 |       0 |   0.0
            +---------+---------+-------+---------+---------+-------
